 Dungeon Crawl Stone Soup version 0.17-a0-1920-gafa4d75 (webtiles) character file.

636 mcbry74 the Covert (level 7, -1/40 HPs)
             Began as a Kobold Assassin on Sept 27, 2015.
             Was an Initiate of Dithmenos.
             Slain by an orc
             ... wielding a +0 club
              (5 damage)
             ... on level 5 of the Dungeon.
             The game lasted 00:33:31 (4822 turns).

mcbry74 the Covert (Kobold Assassin)                Turns: 4822, Time: 00:33:31

Health: -1/40      AC:  5    Str: 10    XL:     7   Next: 79%
Magic:  7/7        EV: 16    Int:  9    God:    Dithmenos [......]
Gold:   160        SH:  0    Dex: 19    Spells: 0 memorised, 6 levels left

rFire  . . .     SeeInvis .     a - +2 dagger
rCold  . . .     Clarity  .     c - +0 robe
rNeg   . . .     SustAt   .     (shield restricted)
rPois  .         Gourm    .     o - +1 helmet
rElec  .         Spirit   .     r - +0 cloak
rCorr  .         Warding  .     (no gloves)
rMut   .         Stasis   .     (no boots)
MR     .....                    (no amulet)
Stlth  +++++.....               (no ring)
                                (no ring)

@: slowed, very slow, not resistant to hostile enchantments, quite stealthy
A: carnivore 3
a: Renounce Religion


You were on level 5 of the Dungeon.
You worshipped Dithmenos.
Dithmenos was noncommittal.
You were full.

You visited 2 branches of the dungeon, and saw 7 of its levels.

You collected 160 gold pieces.

Inventory:

Hand weapons
 a - a +2 dagger (weapon)
 b - a +1 blowgun
 h - a +0 hunting sling
Missiles
 p - 55 stones (quivered)
Armour
 c - a +0 robe (worn)
 d - a +0 cloak
 o - a +1 helmet (worn)
 r - a +0 cloak (worn)
Magical staves
 v - an uncursed staff of conjuration {unknown}
Jewellery
 w - an uncursed ring of protection from fire {unknown}
Magical devices
 D - a wand of paralysis (17)
Scrolls
 k - 2 scrolls of noise
 q - a scroll of remove curse {unknown}
 y - a scroll of identify
Potions
 j - 2 potions of magic {unknown}
 l - a potion of ambrosia {unknown}
 m - a potion of poison {unknown}
 n - 2 potions of flight
 s - 2 potions of curing {unknown}
 t - a potion of resistance {unknown}
 u - a potion of brilliance {unknown}
 x - 2 potions of heal wounds {unknown}
 z - a potion of degeneration {unknown}
 A - a potion of might
Comestibles
 g - 4 meat rations
 C - 11 chunks of flesh


   Skills:
 + Level 2.5 Fighting
 + Level 2.9 Short Blades
 + Level 7.6 Throwing
 + Level 3.3 Dodging
 + Level 8.7 Stealth


You had 6 spell levels left.
You didn't know any spells.

Dungeon Overview and Level Annotations

Branches:
Dungeon (6/15)             Temple (1/1) D:4

Altars:
Cheibriados
Dithmenos
Elyvilon
Fedhas
Kikubaaqudgha
Makhleb
Nemelex Xobeh
Okawaru
Qazlal
Ru
Sif Muna
Trog
Xom
Yredelemnul
Zin
The Shining One


Innate Abilities, Weirdness & Mutations

You are small and have problems with some larger weapons.
You are carnivorous and can eat meat at any time.


Message History

The orc wizard hits you with a hand axe.
* * * LOW HITPOINT WARNING * * *
Drink which item? (? for menu, Esc to quit)
Okay, then.
Read which item? (? for menu, Esc to quit)
As you read the scroll labeled QOPORU WENYDUWK, it crumbles to dust.
You feel aware of your surroundings.
You sensed 2 altars.
It was a scroll of magic mapping.
The orc wizard gestures at you while chanting.
The magic dart hits you!
* * * LOW HITPOINT WARNING * * *
The orc completely misses you.
The orc wizard hits you but does no damage.
The orc wizard hits you but does no damage.
The orc misses you.
The orc wizard gestures wildly while chanting.
The orc wizard blinks!
You see here a dagger.
The orc hits you with a club.
You die...

### #...#........#
*,,,*,*,,,,,,
..###...#........#
*,,,*,*****##
........÷........# *,,.#,* #.
..###...#........## *,..#,* #.
..# #...#.........# *...#,* #.
..# #####.........##*...#,* #.
..# #..........##...#,* #. ..#
#...............#,* #. ..#
########@.......#,* #. ..#
***######o....####,* ***## ..#
*,......(o.).## *,* *,,.. ..#
*,.......†()..# *,* *,*## ..#
*,.......(.(..#* *,***,,,, ..#
*,........)...(# *,,,,,,,, ###
*,........(.(#(# *,,,,,,,,
*,.......((..#(# *,,,,,,,,
******,...........#.#**,,,,,,,,


You could see an orc wizard and an orc.

Vanquished Creatures
  An orc warrior (D:6)
  A giant frog (D:3)
  A scorpion (D:5)
  A crimson imp (D:6)
  An orc wizard (D:5)
  2 hounds
  2 orc priests (D:5)
  2 worker ants
  Robin (D:2)
  7 adders
  A worm (D:2)
  A giant gecko (D:1)
  22 orcs
  10 bats
  6 giant cockroaches
  10 hobgoblins
  8 kobolds
  3 quokkas
  A ball python (D:3)
  2 giant newts (D:3)
  12 goblins
  13 jackals
  A quokka skeleton (D:5)
  6 rats
115 creatures vanquished.

Notes
Turn   | Place    | Note
--------------------------------------------------------------
     0 | D:1      | mcbry74 the Kobold Assassin began the quest for the Orb.
     0 | D:1      | Reached XP level 1. HP: 12/12 MP: 1/1
   154 | D:1      | Reached XP level 2. HP: 17/17 MP: 2/2
   224 | D:1      | Reached skill level 6 in Stealth
   505 | D:1      | Reached XP level 3. HP: 16/21 MP: 3/3
  1406 | D:2      | Reached XP level 4. HP: 26/26 MP: 4/4
  1562 | D:2      | Noticed Robin
  1601 | D:2      | Killed Robin
  1887 | D:3      | Noticed a giant frog
  1906 | D:3      | Killed a giant frog
  1906 | D:3      | Reached skill level 5 in Throwing
  1906 | D:3      | Reached skill level 7 in Stealth
  1906 | D:3      | Reached XP level 5. HP: 9/30 MP: 5/5
  2467 | D:3      | Reached XP level 6. HP: 25/35 MP: 6/6
  3374 | D:4      | Found a staircase to the Ecumenical Temple.
  3390 | Temple   | Entered the Ecumenical Temple
  3544 | Temple   | Became a worshipper of Dithmenos the Shadowed
  3782 | D:5      | Entered Level 5 of the Dungeon
  3959 | D:5      | You fall through a shaft!
  4352 | D:6      | Noticed an orc warrior
  4395 | D:6      | Killed an orc warrior
  4395 | D:6      | Reached skill level 8 in Stealth
  4395 | D:6      | Reached XP level 7. HP: 25/40 MP: 7/7
  4822 | D:5      | Slain by an orc

Vault maps used:
D:1:      dpeg_arrival_morbid_curiosity
D:2:      uniq_robin
D:3:      first_bread, amethyst_killhole
D:4:      minmay_temple_entry_purple_smoke
D:5:      basic_altar, nicolae_gozag_seed_capital, uniq_pikel, uniq_edmund
D:6:      minmay_bad_closet, uniq_menkaure
Temple:   lightli_temple_of_artemis

Action                   |  1- 3 |  4- 6 |  7- 9 || total
-------------------------+-------+-------+-------++-------
Melee: Dagger            |     4 |    63 |    56 ||   123
 Fire: Blowgun           |    61 |   124 |    32 ||   217
Throw: Tomahawk          |       |       |     9 ||     9
       Stone             |       |       |     2 ||     2
  Use: Scroll            |       |     7 |     1 ||     8
       Potion            |       |     1 |       ||     1
 Stab: Sleeping          |    30 |    22 |     3 ||    55
       Distracted        |     1 |     2 |       ||     3
  Eat: Chunk             |     4 |    10 |     2 ||    16
